 Dungeon Crawl Stone Soup version 0.18.1-5-g4a78601 (webtiles) character file.

58 varam the Ruffian (level 3, -4/32 HPs)
             Began as a Troll Transmuter on May 9, 2016.
             Slain by varam's ghost (6 damage)
             ... on level 3 of the Dungeon.
             The game lasted 00:04:02 (1649 turns).

varam the Ruffian (Troll Transmuter)                Turns: 1649, Time: 00:04:02

Health: -4/32      AC:  5    Str: 18    XL:     3   Next: 75%
Magic:  2/4        EV:  9    Int: 10    God:
Gold:   107        SH:  0    Dex: 10    Spells: 2 memorised, 2 levels left

rFire  . . .     SeeInvis .       - Unarmed
rCold  . . .     Gourm    +     b - +0 robe
rNeg   . . .     Faith    .     (no shield)
rPois  .         Spirit   .     (helmet restricted)
rElec  .         Dismiss  .     (no cloak)
rCorr  .         Reflect  .     (gloves unavailable)
SustAt .         Harm     .     (boots unavailable)
MR     .....                    f - amulet of regeneration
Stlth  +.........               (no ring)
                                (no ring)

@: appendage, very slightly contaminated, not resistant to hostile enchantments,
very unstealthy
A: unfitting armour, claws 3, horns 2, fast metabolism 3, gourmand, regeneration
2, shaggy fur 1, tough skin 2
a: End Transformation


You were on level 3 of the Dungeon.
You were completely stuffed.
You had grown temporary horns.
You visited 1 branch of the dungeon, and saw 3 of its levels.

You collected 107 gold pieces.

Inventory:

Missiles
 a - 37 arrows
Armour
 b - a +0 robe (worn)
Jewellery
 e - an uncursed amulet of the gourmand
 f - an amulet of regeneration (around neck)
Scrolls
 g - 2 scrolls of remove curse {unknown}
 i - 3 scrolls of teleportation {unknown}
Potions
 h - a potion of haste {unknown}
 j - 2 potions of beneficial mutation {unknown}
 k - 2 potions of degeneration {unknown}
Books
 c - a book of Changes

   Spells                             Type                      Level
   a - Beastly Appendage              Transmutation                1
   b - Sticks to Snakes               Transmutation                2
   c - Spider Form                    Transmutation/Poison         3
   d - Ice Form                       Ice/Transmutation            4
   e - Blade Hands                    Transmutation                5
Comestibles
 d - 4 bread rations
 l - a beef jerky
 m - 2 chunks of flesh


   Skills:
 - Level 0.7 Fighting
 - Level 1.5 Dodging
 + Level 4.2 Unarmed Combat
 + Level 1.5 Spellcasting
 + Level 1.7 Transmutations


You had 2 spell levels left.
You knew the following spells:

 Your Spells              Type           Power        Failure   Level  Hunger
a - Beastly Appendage     Trmt           #.....       17%         1    ##.....
b - Sticks to Snakes      Trmt           #.......     24%         2    ###....


Dungeon Overview and Level Annotations

Branches:
Dungeon (3/15)

Altars:

Annotations:
D:3 Sigmund; varam's ghost, amateur TeAE


Innate Abilities, Weirdness & Mutations

You are too large for most types of armour.
You have claws for hands.
Your metabolism is lightning-fast.
You like to eat raw meat.
You heal very quickly.
You are covered in fur (AC +1).
You have very tough skin (AC +2).
You have a pair of horns on your head.


Message History

Varam's ghost is heavily damaged.
Varam's ghost hits you.
You closely miss varam's ghost.
Varam's ghost is heavily damaged.
Varam's ghost hits you but does no damage.
You scratch varam's ghost.
Varam's ghost is severely damaged.
Varam's ghost hits you.
* * * LOW HITPOINT WARNING * * *
You barely miss varam's ghost.
Varam's ghost is severely damaged.
You scratch varam's ghost but do no damage.
Varam's ghost is severely damaged.
Varam's ghost gestures at you while chanting.
The zap hits you!
* * * LOW HITPOINT WARNING * * *
Casting: Beastly Appendage
Confirm with . or Enter, or press ? or * to list all spells.
You grow a pair of large bovine horns.
Varam's ghost hits you.
You die...

###########.# #.# #.#
#.# #.# #.# #.. #.#
#.# # #.# #.#
#.###### #.# #.#
#......#####.####.##.
#.W@................
#.###.#####.####.##.
# #... ..... ..#
#######.###### #.#
... ... ...


You could see varam's ghost.

Vanquished Creatures
  2 adders (D:2)
  2 worms (D:2)
  6 bats
  2 giant cockroaches (D:2)
  7 goblins
  5 hobgoblins
  4 kobolds
  A giant newt (D:1)
  4 rats (D:1)
33 creatures vanquished.

Notes
Turn   | Place    | Note
--------------------------------------------------------------
     0 | D:1      | varam the Troll Transmuter began the quest for the Orb.
     0 | D:1      | Reached XP level 1. HP: 18/18 MP: 1/1
    69 | D:1      | Reached XP level 2. HP: 22/26 MP: 0/2
   854 | D:2      | Learned a level 2 spell: Sticks to Snakes
   981 | D:2      | Reached skill level 4 in Unarmed Combat
  1017 | D:2      | Reached XP level 3. HP: 32/32 MP: 1/4
  1584 | D:3      | Noticed Sigmund
  1605 | D:3      | Noticed varam's ghost (amateur TeAE)
  1648 | D:3      | HP: 1/32 [varam's ghost/zap (8)]
  1649 | D:3      | Slain by varam's ghost

Skill      XL: |  1  2 |
---------------+-------+-----
Unarmed Combat | 4 |  4.2
Fighting       | |  0.7
Dodging        | |  1.5
Spellcasting   | |  1.5
Transmutations | |  1.7

Action                   || total
-------------------------++-------
Melee: Unarmed           ||    88
       Kick              ||     3
       Headbutt          ||     1
       Punch             ||     1
 Cast: Beastly Appendage ||    17
  Eat: Chunk             ||    21
Armor: Robe              ||    30
Dodge: Dodged            ||    34
